AoeStats
← Kafaarkasi

Arabia

509220800Analyzed
1v1 RM · 8d ago on Sep 25, 2026· 46m 50s· 2 players
Game mode
Random Map
Map size
Tiny (2 player)
Population
200
Speed
Normal
Resources
Standard
Victory
Conquest
Starting age
Dark Age
Ending age
Imperial Age
RankedLock teamsTeams togetherTeam positionsShared explorationLock speedFull tech treeHidden civsTurbo modeCheats
Victory
Defeat
🇹🇷 Mongols · Türkiye
791
+13
🇲🇽 Burgundians · Mexico
731
-22
Kafaarkasi
10:07 Feudal Age
12:53 Loom
13:18 Scale Barding Armor
14:57 Forging
20:37 Castle Age
20:19 Padded Archer Armor
20:10 Fletching
20:39 Double-Bit Axe
20:37 Horse Collar
22:31 Bow Saw
25:41 Light Cavalry
27:40 Heavy Plow
27:33 Gold Mining
29:37 Elite Skirmisher
33:45 Imperial Age
34:13 Wheelbarrow
33:52 Stone Mining
34:42 Gold Shaft Mining
34:32 Leather Archer Armor
36:55 Thumb Ring
38:20 Hand Cart
37:41 Elite Mangudai
39:16 Parthian Tactics
41:03 Heavy Camel Rider
42:31 Bodkin Arrow
45:29 Bloodlines
45:19 Husbandry
44:44 Hussar
45:50 Chain Barding Armor
47:47 Conscription
Gigio
12:00 Feudal Age
17:13 Castle Age
15:34 Loom
20:49 Double-Bit Axe
22:10 Cavalier
23:52 Gold Mining
24:45 Horse Collar
28:26 Wheelbarrow
29:19 Gold Shaft Mining
30:48 Stone Mining
31:01 Heavy Plow
31:15 Bow Saw
31:21 Scale Barding Armor
32:38 Hand Cart
33:05 Crop Rotation
34:12 Stone Shaft Mining
33:36 Pikeman
38:02 Husbandry
47:06 Imperial Age
45:43 Two-Man Saw
44:55 Burgundian Vineyards
Connection lost

Rejoining the realm…

Still unreachable

The connection could not be restored.

Session expired

The server has moved on; the page needs a fresh start.